[Event "Team 45 45 League T38"]
[Site "Internet Chess Club"]
[Date "2008.08.07"]
[Round "3"]
[White "BenBoiss"]
[Black "JCMDonet"]
[Result "0-1"]
[WhiteElo "1674"]
[BlackElo "1929"]
[Opening "Queen's pawn game"]
[ECO "E10"]
[Time "21:23:21"]
[TimeControl "2700+45"]

1. d4 Nf6 2. c4 e6 3. Nf3 c5 4. e3 Be7 5. Be2 d5 6. O-O O-O 7. dxc5 Bxc5 8. b3
b6 9. Bb2 Bb7 10. cxd5 Nxd5 11. Nc3 Qe7 12. Nxd5 Bxd5 13. Nd4 Nc6 14. Nxc6 Bxc6
15. Bf3 Rfd8 16. Qe2 Bxf3 17. Qxf3 Rac8 18. Rfd1 Bd6 19. Rac1 Rxc1 20. Rxc1 Qh4
21. g3 Qb4 22. Qe2 Bc5 23. Bc3 Qe4 24. Rd1 Rxd1+ 25. Qxd1 h6 26. Qd2 a5 27. Qd8+
Kh7 28. Qd2 f6 29. Bd4 Bxd4 30. Qxd4 Qxd4 31. exd4 Kg6 32. f3 Kf7 33. Kf2 Ke7
34. Ke3 Kd6 35. h3 g5 36. a3 b5 37. Ke4 h5 38. g4 b4 39. axb4 hxg4 40. hxg4 axb4
41. Kd3 Kd5 42. Ke3 f5 43. Kd3 f4 44. Kc2 Kxd4 45. Kd2 e5 46. Kc2 Ke3 {White
resigns} 0-1

[Event "Team 45 45 League T38"]
[Site "Internet Chess Club"]
[Date "2008.08.11"]
[Round "3"]
[White "iwulu"]
[Black "manest"]
[Result "1/2-1/2"]
[WhiteElo "2409"]
[BlackElo "2401"]
[Opening "English: London defensive system"]
[ECO "A12"]
[Time "23:02:53"]
[TimeControl "2700+45"]

1. Nf3 d5 2. c4 c6 3. b3 Bf5 4. g3 Nf6 5. Bg2 e6 6. O-O Nbd7 7. Bb2 Be7 8. d3
O-O 9. Nbd2 h6 10. a3 Bh7 11. b4 Re8 12. Qc2 {Game drawn by mutual agreement}
1/2-1/2

[Event "Team 45 45 League T38"]
[Site "Internet Chess Club"]
[Date "2008.08.10"]
[Round "3"]
[White "therealwizard"]
[Black "onslaught"]
[Result "0-1"]
[WhiteElo "2158"]
[BlackElo "2175"]
[Opening "Sicilian: Alapin's variation (2.c3)"]
[ECO "B22"]
[Time "08:36:46"]
[TimeControl "2700+45"]

1. e4 c5 2. c3 Nf6 3. e5 Nd5 4. d4 cxd4 5. cxd4 e6 6. Nf3 d6 7. Nc3 Nxc3 8. bxc3
Qc7 9. Bd2 Nd7 10. exd6 Bxd6 11. Bd3 b6 12. O-O Bb7 13. c4 O-O 14. h3 Rac8 15.
Rc1 e5 16. dxe5 Nxe5 17. Nxe5 Bxe5 18. Re1 Rfe8 19. Qc2 g6 20. Be4 Bd4 21. Bxb7
Qxb7 22. Rxe8+ Rxe8 23. Bc3 Bxc3 24. Qxc3 Qc7 25. c5 bxc5 26. g3 c4 27. Qd4 Rc8
28. Rc3 a6 29. a3 Qc6 30. Kh2 Qc5 31. Qd2 Qe5 32. Qc2 Qd4 33. Kg2 Kg7 34. Qc1 h5
35. Qc2 h4 36. g4 Rc6 37. Kg1 f5 38. Qe2 Rc7 39. Re3 Qc5 40. Re8 Rf7 41. gxf5 c3
42. Re5 Qc8 43. Qe3 Rxf5 44. Rxf5 gxf5 45. Qg5+ Kf7 46. Qh5+ Ke6 47. Qxh4 c2 48.
Qh6+ Kd7 49. Qh7+ Kc6 50. Qg6+ Kb7 51. Qf7+ Kb8 52. Qb3+ Ka7 53. Qe3+ Ka8 54.
Qf3+ Qb7 {White resigns} 0-1

[Event "Team 45 45 League T38"]
[Site "Internet Chess Club"]
[Date "2008.08.10"]
[Round "3"]
[White "Burning-Bush"]
[Black "Alphalegacy"]
[Result "1-0"]
[WhiteElo "2119"]
[BlackElo "2034"]
[Opening "Benoni defense, Hromodka system"]
[ECO "A56"]
[Time "22:51:14"]
[TimeControl "2700+45"]

1. d4 Nf6 2. c4 c5 3. d5 d6 4. Nc3 g6 5. e4 Bg7 6. Nf3 O-O 7. Bd3 Na6 8. O-O Rb8
9. h3 Nc7 10. Re1 e5 11. Be3 Nh5 12. Qd2 f5 13. Bg5 Bf6 14. Bh6 Bg7 15. Bg5 Bf6
16. Bh6 Rf7 17. Ng5 Bxg5 18. Bxg5 Qe8 19. f4 fxe4 20. Nxe4 Qf8 21. fxe5 dxe5 22.
Qe3 b6 23. Nc3 Nf4 24. Bf1 h6 25. Bh4 g5 26. Bg3 Rf5 27. Rad1 Bd7 28. a4 Re8 29.
Bh2 Ng6 30. Bd3 Na6 31. Bxf5 Qxf5 32. Ne4 Qf8 33. b3 Nb4 34. Rd2 Nf4 35. Bxf4
exf4 36. Qc3 Qg7 37. Nf6+ Kf7 38. Rxe8 Bxe8 39. Ne4 Qxc3 40. Nxc3 Bd7 41. Re2
Nd3 42. Nb5 Nc1 43. Rb2 a6 44. Nc7 Nd3 45. Rd2 Nc1 46. d6 Nxb3 47. Re2 Bxa4 48.
Re7+ Kf8 49. Nxa6 Nd4 50. Nc7 Nf5 51. Ne6+ Kg8 52. d7 Nxe7 53. d8=Q+ Kf7 54.
Qxb6 Bb3 {Black resigns} 1-0

[Event "Team 45 45 League T38"]
[Site "Internet Chess Club"]
[Date "2008.08.08"]
[Round "3"]
[White "matein7"]
[Black "Uwak"]
[Result "0-1"]
[WhiteElo "1881"]
[BlackElo "2243"]
[Opening "King's Indian: Andersson variation"]
[ECO "E92"]
[Time "21:02:48"]
[TimeControl "2700+45"]

1. d4 Nf6 2. c4 g6 3. Nc3 Bg7 4. e4 d6 5. Nf3 O-O 6. Be2 e5 7. dxe5 dxe5 8. Qxd8
Rxd8 9. Bg5 c6 10. Nxe5 Re8 11. f4 Na6 12. O-O Nc5 13. Bf3 h6 14. Bh4 g5 15. Bf2
Nfxe4 16. Nxe4 Nxe4 17. Bxe4 gxf4 18. Bd4 Bxe5 19. Bxe5 Rxe5 20. Rxf4 Be6 21.
Rd1 Kg7 22. Bf3 Rc8 23. Kf2 b5 24. Rd6 bxc4 25. Bxc6 Rb8 26. Rd2 Rc5 27. Bd7 Rd5
28. Rxd5 Rxb2+ 29. Ke3 Bxd5 30. Kd4 Rd2+ 31. Kc3 Rxa2 32. g4 Rxh2 33. Kd4 Rd2+
34. Kc3 Rd3+ 35. Kc2 Re3 36. Bb5 Re4 37. Rf5 Be6 38. Rc5 Rxg4 39. Kc3 Rg5 {White
resigns} 0-1

[Event "Team 45 45 League T38"]
[Site "Internet Chess Club"]
[Date "2008.08.10"]
[Round "3"]
[White "rubo"]
[Black "Grenadier"]
[Result "1/2-1/2"]
[WhiteElo "1692"]
[BlackElo "1662"]
[Opening "Caro-Kann: two knights variation"]
[ECO "B11"]
[Time "21:00:32"]
[TimeControl "2700+45"]

1. e4 c6 2. Nc3 d5 3. Nf3 dxe4 4. Nxe4 Bg4 5. Bc4 e6 6. O-O Nf6 7. Re1 Nbd7 8.
d4 Nxe4 9. Rxe4 Nf6 10. Bg5 Bf5 11. Re3 Be7 12. Bxf6 Bxf6 13. c3 Qb6 14. b4 a5
15. a3 O-O 16. Ne5 Bxe5 17. Rxe5 Qc7 18. Qe1 Rfd8 19. f3 b5 20. Bb3 axb4 21.
axb4 Rxa1 22. Qxa1 Qb7 23. Re2 Ra8 24. Ra2 Rxa2 {Game drawn by mutual agreement}
1/2-1/2

[Event "Team 45 45 League T38"]
[Site "Internet Chess Club"]
[Date "2008.08.09"]
[Round "3"]
[White "Mantra"]
[Black "Jozin"]
[Result "0-1"]
[WhiteElo "1535"]
[BlackElo "1693"]
[Opening "English, 1...Nf6 (Anglo-Indian defense)"]
[ECO "A15"]
[Time "07:26:44"]
[TimeControl "2700+45"]

1. c4 Nf6 2. g3 c6 3. Bg2 g6 4. Nc3 Bg7 5. d3 O-O 6. Bg5 d5 7. cxd5 Nxd5 8. Qd2
Nxc3 9. bxc3 f6 10. Bh6 Be6 11. Nf3 Qa5 12. Bxg7 Kxg7 13. O-O Bf7 14. Rfd1 Qc7
15. Rac1 Nd7 16. c4 e5 17. Qc3 Rfe8 18. e3 e4 19. Ng5 exd3 20. Nxf7 Kxf7 21.
Qxd3 Ne5 22. Qd6 Qxd6 23. Rxd6 Rad8 24. Rxd8 Rxd8 25. Rc2 Rd1+ 26. Bf1 Nf3+ 27.
Kg2 Ne1+ {White resigns} 0-1

[Event "Team 45 45 League T38"]
[Site "Internet Chess Club"]
[Date "2008.08.08"]
[Round "3"]
[White "GamePlayer"]
[Black "allanchs"]
[Result "1-0"]
[WhiteElo "1629"]
[BlackElo "1534"]
[Opening "Scotch game"]
[ECO "C45"]
[Time "09:46:38"]
[TimeControl "2700+45"]

1. e4 e5 2. Nf3 Nc6 3. d4 exd4 4. Nxd4 Bc5 5. Be3 Qf6 6. c3 Nge7 7. Bc4 O-O 8.
O-O d6 9. Nxc6 Bxe3 10. fxe3 Qg5 11. Rxf7 Nxc6 {Black resigns} 1-0

[Event "Team 45 45 League T38"]
[Site "Internet Chess Club"]
[Date "2008.08.06"]
[Round "3"]
[White "fredd"]
[Black "albacore"]
[Result "0-1"]
[WhiteElo "1484"]
[BlackElo "1384"]
[Opening "Scandinavian gambit"]
[ECO "B01"]
[Time "21:01:05"]
[TimeControl "2700+45"]

1. e4 d5 2. exd5 Nf6 3. c4 c6 4. dxc6 Nxc6 5. Nf3 Bg4 6. Be2 e6 7. O-O Bd6 8.
Nc3 e5 9. d3 O-O 10. Bg5 Re8 11. Ne4 Be7 12. h3 Bxf3 13. Bxf3 Nxe4 14. Bxe7 Rxe7
15. Bxe4 Nd4 16. Re1 Rc8 17. Re3 f5 18. Bd5+ Kh8 19. f3 Qb6 20. b3 Nc2 21. Qxc2
Qxe3+ 22. Kf1 Qd4 23. Re1 Qxd5 24. Qd2 Qd6 25. Qg5 Qxd3+ 26. Re2 Qd7 27. Rd2 Qe6
28. h4 Rce8 29. Kg1 Qh6 30. Qxh6 gxh6 31. Kf2 e4 32. fxe4 fxe4 33. Ke3 Kg7 34.
Rd6 Re6 35. Rd7+ R8e7 36. Rd2 Kg6 37. Rd5 Re5 38. Rd6+ Kh5 39. Rf6 Kxh4 40.
Rxh6+ Rh5 41. Rf6 Kg3 42. Rf2 Rh2 43. Rf5 Kxg2 44. a4 Rh3+ 45. Ke2 Rxb3 46. Rg5+
Kh3 47. Rb5 Rxb5 48. axb5 Rc7 {White resigns} 0-1

[Event "Team 45 45 League T38"]
[Site "Internet Chess Club"]
[Date "2008.08.10"]
[Round "3"]
[White "C-Jones"]
[Black "b-spot"]
[Result "1-0"]
[WhiteElo "1650"]
[BlackElo "1701"]
[Opening "Sicilian"]
[ECO "B55"]
[Time "21:00:16"]
[TimeControl "2700+45"]

1. e4 c5 2. Nf3 d6 3. d4 cxd4 4. Nxd4 Nf6 5. Bb5+ Bd7 6. Bxd7+ Qxd7 7. Nc3 g6 8.
O-O Bg7 9. Re1 Nc6 10. Nxc6 bxc6 11. Bf4 O-O 12. e5 dxe5 13. Bxe5 Qxd1 14. Raxd1
Rad8 15. Bd4 a6 16. Rxe7 Nd5 17. Bxg7 Nxc3 18. Rxd8 Rxd8 19. Bxc3 {Black
resigns} 1-0

[Event "Team 45 45 League T38"]
[Site "Internet Chess Club"]
[Date "2008.08.10"]
[Round "3"]
[White "jazzyrick"]
[Black "chesskix"]
[Result "1-0"]
[WhiteElo "1497"]
[BlackElo "1571"]
[Opening "Robatsch (modern) defense"]
[ECO "B06"]
[Time "21:01:13"]
[TimeControl "2700+45"]

1. e4 g6 2. d4 Bg7 3. c4 b6 4. Nc3 Bb7 5. b4 d6 6. Bb2 Nf6 7. f3 Nbd7 8. Bd3 O-O
9. Nge2 c6 10. O-O e5 11. d5 c5 12. Qb3 a6 13. b5 a5 14. a4 Nh5 15. f4 exf4 16.
Nxf4 Nxf4 17. Rxf4 Bd4+ 18. Kh1 Ne5 19. Be2 Bc8 20. Rd1 Be3 21. Rff1 Bg4 22.
Bxg4 Nxg4 23. h3 Nf2+ 24. Rxf2 Bxf2 25. Ne2 Qh4 26. Qf3 f5 27. Qc3 Bd4 28. Nxd4
Qf6 29. Ne6 Qxc3 30. Bxc3 Rf7 31. exf5 Rxf5 32. Kg1 Ra7 33. Bd2 Raf7 34. g4 Rf3
35. Kg2 Ra3 36. Rf1 Rxf1 37. Kxf1 Rxh3 38. Bf4 Ra3 39. Bxd6 Rxa4 40. Bc7 Rxc4
41. Bxb6 Rxg4 42. Bxc5 a4 43. d6 Kf7 44. d7 Kxe6 45. d8=Q Rf4+ 46. Ke2 Re4+ 47.
Kd3 Kf5 48. Qf8+ Ke5 49. Qe7+ {Black resigns} 1-0

[Event "Team 45 45 League T38"]
[Site "Internet Chess Club"]
[Date "2008.08.09"]
[Round "3"]
[White "rivits"]
[Black "PostMike"]
[Result "0-1"]
[WhiteElo "1456"]
[BlackElo "1605"]
[Opening "Nimzo-Indian defense"]
[ECO "E20"]
[Time "14:27:11"]
[TimeControl "2700+45"]

1. d4 Nf6 2. c4 e6 3. Nc3 Bb4 4. Bd2 b6 5. Nf3 Bb7 6. e3 O-O 7. Be2 c5 8. Rc1 d5
9. a3 Bxc3 10. Bxc3 Ne4 11. O-O Nd7 12. dxc5 Ndxc5 13. b4 Nxc3 14. Rxc3 Ne4 15.
Rc1 Rc8 16. h3 Qd6 17. Qd4 Rfd8 18. Rfd1 Qb8 19. Qb2 dxc4 20. Rxd8+ Rxd8 21.
Rxc4 f6 22. Qc2 Nd6 23. Rc7 Rc8 24. Rxc8+ Qxc8 25. Qxc8+ Bxc8 26. Nd4 Bd7 27. b5
Kf7 28. f3 e5 29. Nc6 Bxc6 30. bxc6 Ke7 31. Ba6 Kd8 32. a4 Kc7 33. Bb5 Nc8 34.
Kf2 Ne7 35. Ke2 Nxc6 36. Bxc6 Kxc6 37. Kd3 Kc5 38. Kc3 a6 39. g4 b5 40. axb5
axb5 41. Kb3 b4 42. h4 g6 43. h5 f5 44. hxg6 hxg6 45. gxf5 gxf5 46. f4 e4 47.
Kc2 Kc4 48. Kd2 b3 49. Kc1 Kd3 50. Kb2 Kxe3 51. Kxb3 Kd2 52. Kc4 e3 53. Kd4 e2
54. Ke5 e1=Q+ 55. Kxf5 Qe8 56. Kg5 Qf7 57. f5 Ke3 58. f6 Ke4 {White resigns} 0-1

[Event "Team 45 45 League T38"]
[Site "Internet Chess Club"]
[Date "2008.08.08"]
[Round "3"]
[White "BrerRabbit"]
[Black "ChessForce"]
[Result "1-0"]
[WhiteElo "1575"]
[BlackElo "1524"]
[Opening "QGD: Capablanca-Duras variation"]
[ECO "D30"]
[Time "19:02:12"]
[TimeControl "2700+45"]

1. d4 d5 2. c4 e6 3. Nf3 Nf6 4. Bg5 h6 5. Bxf6 Qxf6 6. e3 c6 7. Nbd2 Bd6 8. Bd3
Nd7 9. cxd5 exd5 10. O-O O-O 11. Rc1 Nb6 12. Qc2 Be6 13. Nb3 Nd7 14. Nbd2 Qd8
15. Rfe1 Nf6 16. a3 Qc7 17. e4 dxe4 18. Nxe4 Nxe4 19. Bxe4 Bg4 20. h3 Be6 21. d5
Bf4 22. dxe6 Bxc1 23. exf7+ Qxf7 24. Qxc1 Rfe8 25. Bd3 Rxe1+ 26. Nxe1 Kf8 27.
Qc5+ Qe7 28. Qxe7+ Kxe7 29. a4 Rd8 30. b3 Ke6 31. Bc4+ Kf6 32. Nd3 a6 33. a5 Kf5
34. g3 Ke4 35. Nf4 Kf3 36. Be2+ Ke4 37. Kg2 Rd2 38. Bc4 Kf5 39. Ne6 Rd7 40. Kf3
Re7 41. b4 Rxe6 42. Bxe6+ Kxe6 43. Ke4 g6 44. f4 Kd6 45. Kd4 Ke6 46. g4 h5 47.
Kc5 Kd7 48. Kb6 Kc8 49. f5 hxg4 50. hxg4 gxf5 51. gxf5 Kd7 52. Kxb7 Ke7 53. Kxa6
Kf6 54. Kb6 Kxf5 55. Kxc6 Ke4 56. a6 Ke5 57. a7 Ke4 58. a8=Q Kd4 59. b5 Ke5 60.
b6 Kd4 61. b7 Ke5 62. b8=Q+ Kd4 63. Qd8+ Ke5 64. Qab8+ Ke4 65. Qb4+ Ke5 66. Qd5+
Kf6 67. Qf4+ Ke7 68. Qe3+ Kf6 69. Qdf3+ Kg6 70. Qg1+ Kh6 71. Qh3# {Black
checkmated} 1-0

[Event "Team 45 45 League T38"]
[Site "Internet Chess Club"]
[Date "2008.08.11"]
[Round "3"]
[White "Zappy"]
[Black "crag"]
[Result "0-1"]
[WhiteElo "1654"]
[BlackElo "1596"]
[Opening "French: exchange variation"]
[ECO "C01"]
[Time "19:03:40"]
[TimeControl "2700+45"]

1. e4 e6 2. d4 d5 3. exd5 exd5 4. c4 dxc4 5. Bxc4 Nf6 6. Nf3 Bb4+ 7. Nc3 O-O 8.
O-O Bg4 9. Qb3 Bxf3 10. gxf3 Bxc3 11. bxc3 b6 12. Bg5 Nbd7 13. Bd5 Rb8 14. Bc6
h6 15. Bxd7 hxg5 16. Bg4 Qd5 17. Qxd5 Nxd5 18. c4 Nf4 19. Rfe1 Rfe8 20. d5 g6
21. Re4 f5 22. Rxe8+ Rxe8 23. Rd1 fxg4 24. fxg4 Re2 25. f3 Rxa2 26. d6 cxd6 27.
Rxd6 Kg7 28. Rd7+ Kh6 29. Rc7 a5 30. Rb7 Rb2 31. c5 Nd5 32. cxb6 Rxb6 33. Ra7
Rb5 34. Kg2 Rb2+ 35. Kg3 Ra2 36. h4 a4 37. Ra5 gxh4+ 38. Kxh4 g5+ 39. Kg3 Nf6
40. Ra6 Kg6 41. Ra5 Ra3 42. Kf2 Nd7 43. Ra6+ Kf7 44. Ra7 Ke7 45. Ke2 Ke6 46.
Ra6+ Kf7 47. Ra7 Ke7 48. Kf2 Ke6 49. Ra6+ Kd5 50. Rg6 Ne5 51. Rxg5 Rxf3+ 52. Ke2
a3 53. Rg8 Rg3 54. Rd8+ Ke4 55. Kd2 a2 56. Ra8 Rxg4 57. Kc1 Rg2 58. Ra4+ Kd5 59.
Ra5+ Kc4 60. Ra3 Nd3+ 61. Kd1 Rb2 62. Rc3+ Kb4 63. Rc4+ Kb5 64. Ra4 Rb1+ 65. Kc2
Kxa4 66. Kxd3 a1=Q 67. Kc2 Qa2+ 68. Kc3 Rc1+ 69. Kd3 Qc4+ 70. Kd2 Rc2+ 71. Ke3
Rc3+ 72. Kd2 Qd3+ 73. Ke1 Qe3+ 74. Kf1 Qd2 75. Kg1 Rc1# {White checkmated} 0-1

[Event "Team 45 45 League T38"]
[Site "Internet Chess Club"]
[Date "2008.08.09"]
[Round "3"]
[White "houseofcook"]
[Black "quaksterjohny"]
[Result "1/2-1/2"]
[WhiteElo "1450"]
[BlackElo "1471"]
[Opening "Caro-Kann: exchange, Rubinstein variation"]
[ECO "B13"]
[Time "09:00:07"]
[TimeControl "2700+45"]

1. e4 c6 2. d4 d5 3. exd5 cxd5 4. Bd3 Nc6 5. c3 Nf6 6. Bf4 Bg4 7. Qb3 Qc8 8. Nd2
e6 9. h3 Bh5 10. Ngf3 Be7 11. O-O O-O 12. Rfe1 Bg6 13. Bxg6 hxg6 14. Ne5 Nxe5
15. Bxe5 Nd7 16. Bg3 Bg5 17. Nf3 Bh6 18. Qc2 Nf6 19. Ne5 Nd7 20. Rad1 Nxe5 21.
Bxe5 b5 22. a3 a5 23. Qd3 Qc4 24. Qf3 b4 25. Bf4 bxa3 26. bxa3 Bxf4 27. Qxf4
Qxc3 28. Re3 Qc2 29. Red3 Qc8 30. Rc1 Qa6 31. Rdc3 Rac8 32. Qd2 Rxc3 33. Qxc3 a4
34. Qc6 Qxc6 35. Rxc6 Ra8 36. Rc5 Kf8 37. f3 Ke7 38. Kf2 Kd6 39. Ke3 Rb8 40. Kd3
Rb3+ 41. Rc3 Rb2 42. Rc1 Rxg2 43. Rc8 Rg3 44. Ke3 Rxh3 45. Ra8 e5 46. Rxa4 exd4+
47. Rxd4 f5 48. a4 g5 49. Kf2 Rh8 50. a5 Ra8 51. Ra4 Kc5 52. a6 Kb5 53. Rd4 Kc5
54. Ra4 Kb6 55. Rd4 Kxa6 56. Rxd5 Rf8 57. Rd6+ Kb7 58. Rd7+ Kc6 59. Rxg7 g4 60.
Kg3 gxf3 61. Kxf3 Kd5 62. Re7 Kd6 63. Re1 Kd5 64. Kf4 Kd4 65. Re6 Kd3 66. Re5
Kd4 67. Rxf5 Rxf5+ 68. Kxf5 {Game drawn because neither player has mating
material} 1/2-1/2

[Event "Team 45 45 League T38"]
[Site "Internet Chess Club"]
[Date "2008.08.08"]
[Round "3"]
[White "Nikhil03"]
[Black "t-hobbes"]
[Result "0-1"]
[WhiteElo "1429"]
[BlackElo "1324"]
[Opening "Four knights: Ranken variation"]
[ECO "C48"]
[Time "16:00:03"]
[TimeControl "2700+45"]

1. e4 e5 2. Nf3 Nc6 3. Nc3 Nf6 4. Bb5 a6 5. Bxc6 dxc6 6. Nxe5 Qe7 7. d4 Be6 8.
O-O O-O-O 9. Bg5 h6 10. Bxf6 Qxf6 11. Nf3 Bg4 12. e5 Qg6 13. g3 Qh5 14. Qd3 Bxf3
15. Rfe1 g5 16. Qf5+ Kb8 17. Re3 Bd5 18. Nxd5 Rxd5 19. c3 Bg7 20. Qe4 Rhd8 21.
e6 Re8 22. Qh7 Bf8 23. exf7 Rxe3 24. fxe3 Qf3 25. e4 Rd7 26. Rf1 Qg4 27. Qf5
Qxf5 28. Rxf5 Kc8 29. Kf2 Kd8 30. e5 Ke7 31. Kf3 c5 32. Ke4 cxd4 33. cxd4 c6 34.
h4 gxh4 35. gxh4 Bg7 36. h5 Kf8 37. b3 Rxf7 38. Rxf7+ Kxf7 39. Kf5 Ke7 40. Kg6
Bf8 41. Kf5 b6 42. a4 a5 43. Kf4 Ke6 44. Ke4 Ba3 45. Ke3 Bb2 46. Ke4 Ba1 47. Kd3
Kd5 48. Ke3 Bxd4+ 49. Kf4 Bxe5+ 50. Kf5 c5 51. Kg6 Bf4 52. Kf5 Bc1 53. Kg4 c4
54. bxc4+ Kxc4 55. Kf3 Kb4 56. Ke2 Kxa4 57. Kd1 Bg5 58. Kc2 b5 59. Kb2 b4 60.
Ka2 b3+ 61. Kb2 Bf6+ 62. Kc1 Ka3 63. Kb1 b2 64. Kc2 Ka2 65. Kd3 b1=Q+ 66. Kc4
Qd1 67. Kc5 Qxh5+ 68. Kc6 Qe5 69. Kd7 Be7 70. Kc6 Qc5+ 71. Kd7 Qd6+ 72. Kc8 Bd8
73. Kb7 Bc7 74. Kc8 Bb6 75. Kb7 Qc7+ 76. Ka6 Ba7 77. Kb5 Kb3 78. Ka6 Qb6# {White
checkmated} 0-1

[Event "Team 45 45 League T38"]
[Site "Internet Chess Club"]
[Date "2008.08.10"]
[Round "3"]
[White "byebyebadman"]
[Black "RealChosenOne"]
[Result "1/2-1/2"]
[WhiteElo "1733"]
[BlackElo "1697"]
[Opening "Sicilian: Pelikan, Chelyabinsk variation"]
[ECO "B33"]
[Time "05:30:50"]
[TimeControl "2700+45"]

1. e4 c5 2. Nf3 Nc6 3. d4 cxd4 4. Nxd4 Nf6 5. Nc3 e5 6. Ndb5 d6 7. Bg5 a6 8. Na3
b5 9. Bxf6 gxf6 10. Nd5 Bg7 11. c3 f5 12. exf5 Bxf5 13. Nc2 Be6 14. g3 O-O 15.
Bg2 a5 16. O-O f5 17. Qe2 Rb8 18. Rfd1 Kh8 19. Rd2 e4 20. Nf4 Bg8 21. Rad1 Be5
22. Nd5 Ne7 23. Nce3 Nxd5 24. Nxd5 Bxd5 25. Rxd5 Qb6 26. Bf1 b4 27. Rb5 Qxb5 28.
Qxb5 Rxb5 29. Bxb5 bxc3 30. bxc3 {Game drawn by mutual agreement} 1/2-1/2

[Event "Team 45 45 League T38"]
[Site "Internet Chess Club"]
[Date "2008.08.08"]
[Round "3"]
[White "SATELLITE-DAN"]
[Black "Ernie1"]
[Result "0-1"]
[WhiteElo "1487"]
[BlackElo "1610"]
[Opening "Caro-Kann: classical variation"]
[ECO "B18"]
[Time "21:46:13"]
[TimeControl "2700+45"]

1. e4 c6 2. d4 d5 3. Nc3 dxe4 4. Nxe4 Bf5 5. Bd3 Bxe4 6. Bxe4 Nf6 7. Bd3 Qxd4 8.
Nf3 Qd8 9. Bd2 e6 10. Qe2 Be7 11. Rd1 O-O 12. Bc3 Nd5 13. Qe4 g6 14. Bd2 Nd7 15.
h4 Nc5 16. Qe2 Nxd3+ 17. Qxd3 Nb4 18. Qe4 Qd5 19. Qf4 Nxc2+ 20. Kf1 Qxa2 21. Bc3
Rad8 22. Rc1 Qb3 23. Qh6 Qc4+ 24. Kg1 Nd4 25. Ng5 Bxg5 26. hxg5 Ne2+ 27. Kh2
Qf4+ {White resigns} 0-1

[Event "Team 45 45 League T38"]
[Site "Internet Chess Club"]
[Date "2008.08.11"]
[Round "3"]
[White "NESKAYA"]
[Black "Endgamer"]
[Result "0-1"]
[WhiteElo "1611"]
[BlackElo "1514"]
[Opening "English opening"]
[ECO "A20"]
[Time "20:00:15"]
[TimeControl "2700+45"]

1. c4 e5 2. g3 Nf6 3. Bg2 c6 4. e4 d5 5. cxd5 cxd5 6. exd5 e4 7. Ne2 Bg4 8. Bxe4
Nxe4 9. Qa4+ Qd7 10. Qxe4+ Be7 11. Nbc3 Bf5 12. Qd4 Bf6 13. Qe3+ Qe7 14. O-O
Qxe3 15. dxe3 O-O 16. e4 Bh3 17. Re1 Nd7 18. Nf4 Bg4 19. h3 Bf3 20. Re3 Ne5 21.
Nb1 Rac8 22. Nd2 g5 23. Nxf3 gxf4 24. Nxe5 Bxe5 25. gxf4 Bxf4 26. Re1 Bd6 27.
Bh6 Rfe8 28. f3 Rc2 29. b3 Kh8 30. f4 Rg8+ 31. Kf1 Rgg2 32. Rec1 Rcf2+ 33. Ke1
Bb4+ 34. Kd1 Rg1# {White checkmated} 0-1

[Event "Team 45 45 League T38"]
[Site "Internet Chess Club"]
[Date "2008.08.10"]
[Round "3"]
[White "ADIOKiddo4Ever"]
[Black "lw"]
[Result "1-0"]
[WhiteElo "1676"]
[BlackElo "1559"]
[Opening "Robatsch (modern) defense"]
[ECO "B06"]
[Time "14:14:34"]
[TimeControl "2700+45"]

1. e4 g6 2. d4 d6 3. Nc3 c6 4. Be3 Bg7 5. a4 Nf6 6. h3 O-O 7. Nf3 Qa5 8. Nd2
Nbd7 9. Be2 e5 10. dxe5 Nxe5 11. f4 Ned7 12. Nc4 Qc7 13. Qxd6 Qxd6 14. Nxd6 b6
15. O-O-O Ne8 16. Nxc8 {Black resigns} 1-0

[Event "Team 45 45 League T38"]
[Site "Internet Chess Club"]
[Date "2008.08.08"]
[Round "3"]
[White "AngryPirate"]
[Black "gtm"]
[Result "0-1"]
[WhiteElo "1516"]
[BlackElo "1708"]
[Opening "Scandinavian defense"]
[ECO "B01"]
[Time "20:03:19"]
[TimeControl "2700+45"]

1. e4 d5 2. exd5 Nf6 3. Bb5+ Bd7 4. Bc4 c6 5. dxc6 Nxc6 6. Nf3 e6 7. Nc3 Bc5 8.
d4 Bd6 9. a3 O-O 10. Bg5 Be7 11. O-O Rc8 12. Qe2 Re8 13. Rad1 a6 14. Ne5 Na5 15.
Ba2 Nd5 16. Bxe7 Nxc3 17. bxc3 Rxe7 18. Nxd7 Rxd7 19. Rd3 Rdc7 20. Qf3 Qe7 21.
a4 Qa3 22. Bb3 Nxb3 23. cxb3 Qxb3 24. c4 Qxc4 25. h3 Qxa4 26. Kh2 Qc2 27. Re1 g6
28. Re2 Qa4 29. Re4 Qd7 30. Rh4 Qd6+ 31. g3 Qd5 32. Qf4 Rc1 33. Rf3 Qf5 34. Qxc1
Rxc1 35. Rxf5 exf5 {White resigns} 0-1

[Event "Team 45 45 League T38"]
[Site "Internet Chess Club"]
[Date "2008.08.10"]
[Round "3"]
[White "celebrat"]
[Black "Rhel"]
[Result "1-0"]
[WhiteElo "1595"]
[BlackElo "1475"]
[Opening "Sicilian: Smith-Morra gambit"]
[ECO "B21"]
[Time "12:00:18"]
[TimeControl "2700+45"]

1. e4 c5 2. d4 cxd4 3. c3 dxc3 4. Nxc3 Nc6 5. Nf3 g6 6. Bc4 e6 7. Bf4 Bc5 8. Nb5
Bb4+ 9. Nd2 Ba5 10. Nd6+ Kf8 11. O-O Bc7 12. Nf3 f6 13. e5 Qe7 14. Nb5 Bxe5 15.
Nxe5 Nxe5 16. Bb3 d5 17. Rc1 a6 18. Nc7 Rb8 19. Re1 Qg7 20. Bg3 Ne7 21. f4 N5c6
22. Rxe6 Qf7 23. f5 gxf5 24. Re1 Ne5 25. Nxd5 Nxd5 26. Bxd5 Be6 27. Bxe5 Bxd5
28. Bxb8 {Black resigns} 1-0

[Event "Team 45 45 League T38"]
[Site "Internet Chess Club"]
[Date "2008.08.10"]
[Round "3"]
[White "andreip"]
[Black "alan"]
[Result "1/2-1/2"]
[WhiteElo "2116"]
[BlackElo "2115"]
[Opening "Sicilian: Nimzovich-Rubinstein variation"]
[ECO "B29"]
[Time "15:28:19"]
[TimeControl "2700+45"]

1. e4 c5 2. Nf3 Nf6 3. Nc3 Nc6 4. d4 d5 5. exd5 Nxd5 6. Nxd5 Qxd5 7. Be3 cxd4 8.
Nxd4 Qa5+ 9. c3 Bd7 10. Qb3 Nxd4 11. Bxd4 O-O-O 12. Qxf7 e5 13. Be3 Bc6 14. f3
Ba3 15. Qb3 Bc5 16. Qe6+ Rd7 17. Bd2 Bd5 18. Qg4 Qb6 19. O-O-O Bxa2 20. Bc4 h5
21. Qe4 Bxc4 22. Qxc4 Rc7 23. Qe4 Re8 24. Bg5 Kb8 25. Rd8+ Rc8 26. Rxc8+ Kxc8
27. Rd1 Qe6 28. Rd5 Bd6 29. Qa4 Bc7 30. Qc4 Kb8 31. h4 a6 32. Bd8 Bd6 33. Bg5
Bc7 34. Qd3 g6 35. Bd8 Bxd8 36. Rxd8+ Rxd8 37. Qxd8+ Ka7 38. Qg5 Kb6 39. g4
{Game drawn by mutual agreement} 1/2-1/2

[Event "Team 45 45 League T38"]
[Site "Internet Chess Club"]
[Date "2008.08.11"]
[Round "3"]
[White "Kingmaker"]
[Black "alin"]
[Result "0-1"]
[WhiteElo "1869"]
[BlackElo "2037"]
[Opening "Queen's bishop game"]
[ECO "D02"]
[Time "14:30:23"]
[TimeControl "2700+45"]

1. d4 Nf6 2. Nf3 d5 3. Bf4 c5 4. e3 Nc6 5. c3 Bg4 6. Nbd2 e6 7. h3 Bh5 8. Bd3
Bd6 9. Bxd6 Qxd6 10. g4 Bg6 11. Qe2 c4 12. Bxg6 hxg6 13. g5 Nh5 14. b4 O-O 15.
Rg1 b5 16. a4 a5 17. axb5 axb4 18. Qd1 bxc3 19. Nxc4 Qb4 20. Rc1 c2+ 21. Qd2
Qxb5 22. Nce5 Nxe5 23. Nxe5 Rfc8 24. Nd3 Ra3 25. Nc5 e5 26. Qxc2 exd4 27. exd4
Re8+ 28. Kd1 Rc3 29. Qd2 Rxc1+ 30. Kxc1 Re2 31. Qc3 Nf4 32. Re1 Rxf2 33. Rh1
Ne2+ 34. Kd1 Nxc3+ {White resigns} 0-1